 Dungeon Crawl Stone Soup version 0.24.0-10-g970556be89 (webtiles) character file.

Game seed: 12869650708942993341, levelgen mode: deterministic

223 DavidChitty2 the Fighter (level 6, -2/57 HPs)
             Began as a Gnoll Wanderer on Nov 3, 2019.
             Slain by a black bear (10 damage)
             ... on level 3 of the Dungeon.
             The game lasted 00:04:07 (2247 turns).

DavidChitty2 the Fighter (Gnoll Wanderer)           Turns: 2247, Time: 00:04:08

Health: -2/57      AC: 13    Str: 18    XL:     6   Next: 0%
Magic:  8/8        EV:  8    Int: 13    God:
Gold:   122        SH:  0    Dex: 14    Spells: 8/8 levels left

rFire    . . .     SeeInvis .   a - +2 spear
rCold    . . .     Gourm    .   (no shield)
rNeg     . . .     Faith    .   h - +0 chain mail
rPois    .         Spirit   .   n - +0 helmet
rElec    .         Reflect  .   (no cloak)
rCorr    .         Harm     .   u - +0 pair of gloves
MR       .....                  m - +0 pair of boots
Stlth    ..........             (no amulet)
HPRegen  0.19/turn              (no ring)
MPRegen  0.11/turn              (no ring)

@: no status effects
A: distributed training, fangs 1, strong nose
a: no special abilities


You were on level 3 of the Dungeon.
You were not hungry.

You visited 1 branch of the dungeon, and saw 3 of its levels.

You collected 122 gold pieces.

Inventory:

Hand Weapons
 a - a +2 spear (weapon)
 b - a +0 hand crossbow
 g - a +0 dagger
Missiles
 c - 18 bolts
 d - 37 poisoned darts (quivered)
Armour
 f - a +1 leather armour of poison resistance
   (You took it off Ijyb on level 3 of the Dungeon)
 h - a +0 chain mail (worn)
   (You found it on level 2 of the Dungeon)
 m - a +0 pair of boots (worn)
   (You found it on level 2 of the Dungeon)
 n - a +0 helmet (worn)
   (You found it on level 1 of the Dungeon)
 u - a +0 pair of gloves (worn)
   (You found it on level 3 of the Dungeon)
Wands
 t - a wand of flame (20)
   (You took it off Ijyb on level 3 of the Dungeon)
Scrolls
 j - 4 scrolls of identify {unknown}
 l - a scroll of magic mapping {unknown}
 p - 5 scrolls of remove curse {unknown}
 q - a scroll of enchant armour {unknown}
 r - a scroll of teleportation {unknown}
Potions
 i - a potion of lignification {!q}
 k - a potion of ambrosia {unknown}
 s - a potion of mutation {unknown}
 v - a potion of agility {unknown}
Comestibles
 e - 6 rations {!d}
 o - 8 chunks of flesh


   Skills:
 + Level 8.7 Fighting
 + Level 1.6 Short Blades
 + Level 1.6 Long Blades
 + Level 1.6 Axes
 + Level 1.6 Maces & Flails
 + Level 1.6 Polearms
 + Level 1.6 Staves
 + Level 1.6 Slings
 + Level 1.6 Bows
 + Level 1.6 Crossbows
 + Level 4.8 Throwing
 + Level 4.8 Armour
 + Level 3.1 Dodging
 + Level 2.9 Stealth
 + Level 1.6 Shields
 + Level 1.6 Unarmed Combat
 + Level 1.6 Spellcasting
 + Level 1.3 Conjurations
 + Level 1.3 Hexes
 + Level 1.3 Charms
 + Level 1.3 Summonings
 + Level 1.3 Necromancy
 + Level 1.3 Translocations
 + Level 1.3 Transmutations
 + Level 1.3 Fire Magic
 + Level 1.3 Ice Magic
 + Level 1.3 Air Magic
 + Level 1.3 Earth Magic
 + Level 1.3 Poison Magic
 + Level 1.9 Invocations
 + Level 1.6 Evocations


You had 8 spell levels left.
You didn't know any spells.
Your spell library was empty.

Dungeon Overview and Level Annotations

Branches:
Dungeon (3/15)

Altars:
Ru
Yredelemnul


Innate Abilities, Weirdness & Mutations

Your experience applies equally to all skills.
You have very sharp teeth.
Your uncanny sense of smell can sniff out nearby items.


Message History

The black bear barely misses you.
You closely miss the black bear.
The black bear bites you but does no damage.
The black bear barely misses you.
The black bear claws you but does no damage.
You barely miss the black bear.
The black bear bites you but does no damage.
The black bear claws you. x2
You puncture the black bear!
The black bear bites you but does no damage.
The black bear barely misses you.
The black bear claws you but does no damage.
You hit the black bear.
The black bear goes berserk!
Okay, then.
You closely miss the black bear.
The black bear bites you but does no damage.
The black bear claws you but does no damage.
The black bear barely misses you. The black bear closely misses you. x2
The black bear claws you.
You hit the black bear. The black bear closely misses you. x2
The black bear claws you but does no damage.
You hit the black bear. The black bear bites you.
The black bear closely misses you.
The black bear claws you but does no damage.
The black bear bites you. The black bear claws you.
The black bear claws you but does no damage.
Your chain mail prevents you from hitting the black bear.
The black bear bites you!
* * * LOW HITPOINT WARNING * * *
The black bear claws you but does no damage.
The black bear completely misses you.
You closely miss the black bear.
The black bear bites you but does no damage.
The black bear barely misses you.
The black bear claws you but does no damage.
The black bear bites you.
* * * LOW HITPOINT WARNING * * *
The black bear claws you but does no damage.
The black bear closely misses you.
You barely miss the black bear. The black bear bites you!
* * * LOW HITPOINT WARNING * * *
The black bear claws you but does no damage. x2
Okay, then.
You hit the black bear.
You bite the black bear, but do no damage.
The black bear bites you.
* * * LOW HITPOINT WARNING * * *
The black bear claws you but does no damage. x2
The black bear bites you!
You die...

...## ....# .#.. ...
.. .# . ####.##....
#..@h(.# #.##.#.#
####.##....
#......##.#
###########.#.......#
............#..#.##.#
#.
#############.......#
.. .# #.......###
##.## .# #......รท..#
#...#


You could see a black bear (berserk).

Vanquished Creatures
  A centaur skeleton (D:2)
  An orc wizard (D:3)
  Ijyb (D:3)
  Robin (D:2)
  2 adders
  3 worms (D:2)
  3 dart slugs (D:1)
  A leopard gecko (D:1)
  8 orcs (D:3)
  12 bats
  4 giant cockroaches
  13 hobgoblins
  3 jackals (D:1)
  5 kobolds
  4 quokkas
  5 frilled lizards
  11 goblins
  7 rats
85 creatures vanquished.

Notes
Turn   | Place    | Note
-------+----------+-------------------------------------------
     0 | D:1      | DavidChitty2 the Gnoll Wanderer began the quest for the
                  | Orb.
     0 | D:1      | DavidChitty2 set off with the following items: a +2 spear,
                  | a +0 hand crossbow, 21 bolts, 8 poisoned darts, a ration
                  | {!d}, a +0 robe, a +0 dagger
     0 | D:1      | Reached XP level 1. HP: 26/26 MP: 1/1
    80 | D:1      | Reached XP level 2. HP: 33/33 MP: 2/2
   337 | D:1      | Reached XP level 3. HP: 38/38 MP: 3/3
   790 | D:2      | Reached skill level 1 in Invocations
   945 | D:2      | Reached skill level 1 in Short Blades
   945 | D:2      | Reached skill level 1 in Long Blades
   945 | D:2      | Reached skill level 1 in Axes
   945 | D:2      | Reached skill level 1 in Maces & Flails
   945 | D:2      | Reached skill level 1 in Polearms
   945 | D:2      | Reached skill level 1 in Staves
   945 | D:2      | Reached skill level 1 in Slings
   945 | D:2      | Reached skill level 1 in Bows
   945 | D:2      | Reached skill level 1 in Crossbows
   945 | D:2      | Reached skill level 1 in Shields
   945 | D:2      | Reached skill level 1 in Unarmed Combat
   945 | D:2      | Reached skill level 1 in Spellcasting
   945 | D:2      | Reached skill level 1 in Evocations
   945 | D:2      | Reached XP level 4. HP: 9/45 MP: 5/5
   947 | D:2      | HP: 2/67 [worm (6)]
  1279 | D:2      | Reached skill level 1 in Conjurations
  1279 | D:2      | Reached skill level 1 in Hexes
  1279 | D:2      | Reached skill level 1 in Charms
  1279 | D:2      | Reached skill level 1 in Summonings
  1279 | D:2      | Reached skill level 1 in Necromancy
  1279 | D:2      | Reached skill level 1 in Translocations
  1279 | D:2      | Reached skill level 1 in Transmutations
  1279 | D:2      | Reached skill level 1 in Fire Magic
  1279 | D:2      | Reached skill level 1 in Ice Magic
  1279 | D:2      | Reached skill level 1 in Air Magic
  1279 | D:2      | Reached skill level 1 in Earth Magic
  1279 | D:2      | Reached skill level 1 in Poison Magic
  1482 | D:2      | Found a faded altar of an unknown god.
  1485 | D:2      | Noticed Robin
  1527 | D:2      | Killed Robin
  1528 | D:2      | Reached XP level 5. HP: 51/51 MP: 6/6
  1856 | D:3      | Noticed Ijyb
  1878 | D:3      | Killed Ijyb
  2174 | D:3      | Found a sacrificial altar of Ru.
  2174 | D:3      | Found a basalt altar of Yredelemnul.
  2194 | D:3      | Reached XP level 6. HP: 54/57 MP: 8/8
  2228 | D:3      | Noticed a black bear
  2247 | D:3      | Slain by a black bear

Levels and vault maps discovered:
D:1:      erik_arrival_blinker_ship, layout_basic
D:2:      layout_loops_ring, chequers_ecumenical_altar_island, uniq_robin
D:3:      layout_loops_cross, nicolae_overflow_hidden_temple, uniq_ijyb

Skill      XL: |  1  2  3  4  5 |
---------------+----------------+-----
Invocations    | 1 |  1.9
Short Blades   | 1 |  1.6
Long Blades    | 1 |  1.6
Axes           | 1 |  1.6
Maces & Flails | 1 |  1.6
Polearms       | 1 |  1.6
Staves         | 1 |  1.6
Slings         | 1 |  1.6
Bows           | 1 |  1.6
Crossbows      | 1 |  1.6
Shields        | 1 |  1.6
Unarmed Combat | 1 |  1.6
Spellcasting   | 1 |  1.6
Evocations     | 1 |  1.6
Conjurations   | 1 |  1.3
Hexes          | 1 |  1.3
Charms         | 1 |  1.3
Summonings     | 1 |  1.3
Necromancy     | 1 |  1.3
Translocations | 1 |  1.3
Transmutations | 1 |  1.3
Fire Magic     | 1 |  1.3
Ice Magic      | 1 |  1.3
Air Magic      | 1 |  1.3
Earth Magic    | 1 |  1.3
Poison Magic   | 1 |  1.3
Dodging        | 3 |  3.1
Fighting       | |  8.7
Throwing       | |  4.8
Armour         | |  4.8
Stealth        | |  2.9

Action                   |  1- 3 |  4- 6 || total
-------------------------+-------+-------++-------
Melee: Spear             |   110 |   180 ||   290
       Bite              |     6 |    11 ||    17
 Fire: Hand crossbow     |       |    19 ||    19
  Use: Potion            |     1 |     2 ||     3
 Stab: Sleeping          |     4 |       ||     4
       Distracted        |       |     1 ||     1
  Eat: Chunk             |       |     5 ||     5
Armor: Robe              |    15 |     5 ||    20
       Skin              |     1 |     4 ||     5
       Chain mail        |       |    93 ||    93
Dodge: Dodged            |    50 |    87 ||   137
